 Dungeon Crawl Stone Soup version 0.30-a0-172-gc5509c9e31 (webtiles) character file.

Game seed: 15457051374151547256

76 spaghetti the Trooper (level 4, -2/66 HPs)
             Began as a Naga Berserker on Oct 1, 2022.
             Was a Believer of Trog.
             Slain by a gnoll
             ... wielding a +2 spear of freezing
             ... led by a gnoll bouda
              (3 damage)
             ... on level 3 of the Dungeon.
             The game lasted 00:03:15 (1749 turns).

spaghetti the Trooper (Naga Berserker)              Turns: 1749, Time: 00:03:16

Health: -2/66      AC:  2    Str: 21    XL:     4   Next: 32%
Magic:  4/4        EV:  9    Int:  7    God:    Trog [**....]
Gold:   123        SH:  0    Dex: 11    Spells: 3/3 levels left

rFire   . . .      SeeInvis +    f - +2 dagger (venom) {short}
rCold   . . .      Faith    .    (no shield)
rNeg    . . .      Spirit   .    b - +0 animal skin
rPois   +          Reflect  .    (no helmet)
rElec   .          Harm     .    (no cloak)
rCorr   .          Rampage  .    (no gloves)
Will    ++...                    (no barding)
Stlth   ..........               (no amulet)
HPRegen 1.31/turn                (no ring)
MPRegen 0.09/turn                (no ring)

@: mighty, berserking, weakened, strong-willed, regenerating, quick
A: AC +1, large, see invisible, deformed body, poison resistance, slowness 2,
spit poison 1, naga tail 1
a: Spit Poison, Renounce Religion, Berserk, Trog's Hand


You were on level 3 of the Dungeon.
You worshipped Trog.
Trog was pleased with you.
You visited 1 branch of the dungeon, and saw 3 of its levels.

You collected 123 gold pieces.


Innate Abilities, Weirdness & Mutations

Your serpentine skin is tough. (AC +1)
You have supernaturally acute eyesight. (SInv)
Armour fits poorly on your strangely shaped body.
Your system is resistant to poisons. (rPois)
You cover ground very slowly.
You can spit poison.
You have a snake-like lower body.


   Skills:
 + Level 3.8 Fighting
 - Level 3.7 Maces & Flails
 + Level 2.4 Armour
 - Level 1.5 Dodging


You had 3 spell levels left.
You didn't know any spells.
Your spell library contained the following spells:

 Spells                   Type           Power      Damage    Failure   Level
 Magic Dart               Conj           0%         1d3       43%         1
 Call Imp                 Summ           0%         N/A       56%         2
 Mephitic Cloud           Conj/Pois/Air  0%         N/A       80%         3
 Alistair's Intoxication  Tmut/Pois      0%         N/A       100%        5
 Borgnjor's Vile Clutch   Necr/Erth      0%         N/A       100%        5
 Fireball                 Conj/Fire      0%         3d3       100%        5
 Iskenderun's Battlesphe  Conj           0%         2d6       100%        5
 Conjure Ball Lightning   Conj/Air       0%         3x3d6     100%        6
 Eringya's Noxious Bog    Tmut/Pois      0%         N/A       100%        6
 Orb of Destruction       Conj           0%         9d5       100%        7

Inventory:

Hand Weapons
 a - a +0 mace {mace}
 f - a +2 dagger of venom (weapon) {short}
   (You took it off a kobold on level 1 of the Dungeon)
Missiles
 d - 30 stones {throwing}
 s - 6 poisoned darts {throwing}
 t - 6 boomerangs {throwing}
Armour
 b - a +0 animal skin (worn)
Jewellery
 e - a ring of resist corrosion
   (You found it on level 1 of the Dungeon)
 r - a ring of protection from cold
   (You found it on level 3 of the Dungeon)
Wands
 m - a wand of mindburst (17)
   (You found it on level 2 of the Dungeon)
Scrolls
 c - 2 scrolls of teleportation {unknown}
 i - 3 scrolls of identify {unknown}
 l - a scroll of fear {unknown}
 n - a scroll of vulnerability {unknown}
 o - a scroll of poison {unknown}
 p - a scroll of amnesia {unknown}
 q - a scroll of blinking {unknown}
Potions
 g - 3 potions of curing {@q1}
 h - a potion of might
 j - a potion of haste {unknown}
 k - 2 potions of brilliance {unknown}

Dungeon Overview and Level Annotations

Branches:
Dungeon (3/15) Zot: 15741

Altars:
.............. ............. ..... ...........## .... ............# #... ............# #... ............# #..## ...###..###.# gSg

..##........# #g#
.>##....###.####@# .###
..##.............#######...#
#.##....##...####..........#
#.##....##...# #.######...#
#.########...####.######...####
..# ##.##................. #.#
#...†...####..†..### #.#
#.......# #.....# #.#
#.......####.##..#


You could see a gnoll bouda, 2 gnolls and a ball python.


Message History

😕 HP[-1]
You take 1 damage, and now have 28/34 hp.
You hit the adder.
The adder looks even sicker.
You feel sick. The adder bites you but does no damage.
You miss the adder.
You feel sick. The adder bites you. x2 😮 HP[-6]
You take 6 damage, and now have 22/34 hp.
You hit the adder.
You kill the adder!
Trog accepts your kill.
You feel sick.
You have reached level 4!
You feel agile. 😮 HP[+5] MP[+1]
You now have 44 max hp (+10).
You regained 5 hp, and now have 27/44 hp.
Your mp is fully restored (4).
You feel sick.
You are no longer poisoned.
Key pressed, stopping explore.
A gnoll comes into view. It is wielding a +0 flail. 😎 HP[+17]
Your hp is fully restored (44).
A gnoll is nearby!
A gnoll is nearby!
A gnoll is nearby!
A gnoll bouda and a gnoll come into view.
The gnoll is wielding a +2 spear of freezing.
The gnoll bouda shouts!
The gnoll shouts!
You hear an angry hiss.
The gnoll bouda barks out a call to the hunt!
The gnolls pick up the pace!
A ball python comes into view.
A gnoll comes into view.
It is wielding a +0 whip of electrocution.
The gnoll hits you with a +0 flail! 😕 HP[-9]
You take 9 damage, and now have 35/44 hp.
MASSIVE DAMAGE!! (PAUSE) Unknown command.
You hit the gnoll.
The gnoll is poisoned.
The gnoll hits you with a +0 flail. 😮 HP[-4]
You take 4 damage, and now have 31/44 hp.
You hit the gnoll.
The gnoll looks as sick as possible!
The gnoll hits you with a +0 flail. 😮 HP[-3]
You take 3 damage, and now have 28/44 hp.
You hit the gnoll. The gnoll hits you with a +0 flail!
* * * LOW HITPOINT WARNING * * *
The gnoll hits you from afar with a +2 spear of freezing.
* * * LOW HITPOINT WARNING * * *
The gnoll freezes you.
* * * LOW HITPOINT WARNING * * *
😨 HP[-13]
You take 13 damage, and now have 15/44 hp.
MASSIVE DAMAGE!! (PAUSE)
The gnoll attacks as you move away! The gnoll closely misses you.
You kill the gnoll!
Trog accepts your kill.
It was a potion of might.
You feel very mighty all of a sudden. The gnoll closely misses you.
It was a potion of curing.
You feel better.
The gnoll hits you from afar with a +2 spear of freezing.
* * * LOW HITPOINT WARNING * * *
The gnoll freezes you.
* * * LOW HITPOINT WARNING * * *
😨 HP[+4]
You regained 4 hp, and now have 19/44 hp.
Your skin crawls.
You feel strong-willed.
The gnoll hits you from afar with a +2 spear of freezing.
* * * LOW HITPOINT WARNING * * *
The gnoll freezes you.
* * * LOW HITPOINT WARNING * * *
😨 HP[-3]
You take 3 damage, and now have 16/44 hp.
A red film seems to cover your vision as you go berserk!
You feel yourself moving faster!
You feel mighty!
The gnoll hits you from afar with a +2 spear of freezing.
* * * LOW HITPOINT WARNING * * *
The gnoll freezes you.
* * * LOW HITPOINT WARNING * * *
😨 HP[+1]
You now have 66 max hp (+22).
You feel a strong urge to attack something.
The gnoll hits you with a +2 spear of freezing!
* * * LOW HITPOINT WARNING * * *
The gnoll freezes you.
* * * LOW HITPOINT WARNING * * *
😱 HP[-11]
You take 11 damage, and now have 6/66 hp.
You puncture the gnoll!
The gnoll is poisoned.
The gnoll is no longer moving quickly.
The gnoll barely misses you.
The gnoll bouda gazes fiercely through you!
You feel your attacks grow feeble. 😱 HP[+1]
You closely miss the gnoll.
The gnoll hits you with a +2 spear of freezing!
* * * LOW HITPOINT WARNING * * *
The gnoll freezes you.
You die...

Skill      XL: |  1  2  3 |
---------------+----------+-----
Armour         | 2 |  2.4
Fighting       | |  3.8
Maces & Flails | |  3.7
Dodging        | |  1.5

Action                   |  1- 3 |  4- 6 || total
-------------------------+-------+-------++-------
Melee: Mace              |    35 |       ||    35
       Dagger            |    86 |     5 ||    91
       Punch             |     1 |       ||     1
Invok: Berserk           |     1 |     1 ||     2
       Trog's Hand       |       |     1 ||     1
 Abil: Spit Poison       |     3 |       ||     3
  Use: Potion            |       |     2 ||     2
 Stab: Sleeping          |     1 |       ||     1
Armor: Animal skin       |    26 |       ||    26
Dodge: Dodged            |    69 |     3 ||    72

Levels and vault maps discovered:
D:1:      reono_arrival_forest_river, layout_basic, serial_curves,
          eino_curves_01, eino_curves_02, eino_curves_03, basic_ecumenical_altar
D:2:      layout_basic
D:3:      layout_basic, general_overflow_altar

Notes
Turn   | Place    | Note
-------+----------+-------------------------------------------
     0 | D:1      | spaghetti the Naga Berserker began the quest for the Orb.
     0 | D:1      | Reached XP level 1. HP: 21/21 MP: 1/1
     0 | D:1      | magus.rc [v1.9.6]
   200 | D:1      | Reached XP level 2. HP: 24/28 MP: 2/2
   327 | D:1      | Found a faded altar of an unknown god.
   696 | D:2      | You add the spells Alistair's Intoxication, Borgnjor's Vile
                  | Clutch and Eringya's Noxious Bog to your library.
   753 | D:2      | Reached XP level 3. HP: 30/34 MP: 3/3
   783 | D:2      | You pick up a book of the Spheres {forbidden} and begin
                  | reading...
   783 | D:2      | You add the spells Iskenderun's Battlesphere, Fireball,
                  | Conjure Ball Lightning and Orb of Destruction to your
                  | library.
   886 | D:2      | Reached skill level 2 in Armour
  1047 | D:2      | Reached ** piety under Trog
  1292 | D:2      | You pick up a book of Minor Magic {forbidden} and begin
                  | reading...
  1292 | D:2      | You add the spells Magic Dart, Call Imp and Mephitic Cloud
                  | to your library.
  1664 | D:3      | Reached XP level 4. HP: 27/44 MP: 4/4
  1747 | D:3      | HP: 10/66 [gnoll/+2 spear of freezing[a gnoll bouda] (8)]
  1749 | D:3      | HP: 1/66 [gnoll/+2 spear of freezing[a gnoll bouda] (7)]
  1749 | D:3      | Slain by a gnoll

Vanquished Creatures
  A gnoll (D:3)
  2 adders
  A worm (D:2)
  A dart slug (D:2)
  An orc (D:3)
  3 ball pythons
  3 bats
  5 endoplasms
  3 giant cockroaches (D:1)
  3 goblins (D:2)
  2 hobgoblins
  4 kobolds
  4 quokkas
  A frilled lizard (D:2)
  3 rats
37 creatures vanquished.

Table legend:
 A = Non-vault XP
 B = Vault XP
 C = Vault XP percentage of total XP
 D = Non-vault monster count
 E = Vault monster count
 F = Vault count percentage of total count
                 A         B        C        D         E       F
            +---------+---------+-------+---------+---------+-------
      Total |     109 |       0 |   0.0 |      37 |       0 |   0.0
            +---------+---------+-------+---------+---------+-------
        D:1 |      24 |       0 |   0.0 |      13 |       0 |   0.0
        D:2 |      52 |       0 |   0.0 |      20 |       0 |   0.0
        D:3 |      33 |       0 |   0.0 |       4 |       0 |   0.0
            +---------+---------+-------+---------+---------+-------

Illustrated notes

Table legend:
 A = Kills in this place as a percentage of kills in entire the game.
 B = Kills by you in this place as a percentage of kills by you in the entire game.
 C = Kills by friends in this place as a percentage of kills by friends in the entire game.
 D = Other kills in this place as a percentage of other kills in the entire game.
 E = Experience gained in this place as a percentage of experience gained in the entire game.
 F = Experience gained in this place divided by the number of levels of this place that you have seen.
                   A       B       C       D       E      F
               +-------+-------+-------+-------+-------+----------------------
         Total | 100.0 | 100.0 |   N/A |   N/A | 100.0 |  36.3
       Dungeon | 100.0 | 100.0 |   N/A |   N/A | 100.0 |  36.3
               +-------+-------+-------+-------+-------+----------------------

Table legend: (Time is in decaauts)
 A = Elapsed time spent in this place.
 B = Non-inter-level travel time spent in this place.
 C = Inter-level travel time spent in this place.
 D = Time resting spent in this place.
 E = Time spent auto-exploring this place.
 F = Levels seen in this place.
 G = Mean time per level.
                   A        B        C        D        E       F      G
               +--------+--------+--------+--------+--------+-----+--------+
         Total |   2257 |   2217 |     40 |      0 |   1868 |   3 |  752.3 |
       Dungeon |   2257 |   2217 |     40 |      0 |   1868 |   3 |  752.3 |
               +--------+--------+--------+--------+--------+-----+--------+

Top non-repeatable levels by time:
     D:2: 1078 daAuts
     D:1: 865 daAuts
     D:3: 314 daAuts
